 Dungeon Crawl Stone Soup version 0.29.1-1-gd02db6906a (webtiles) character file.

Game seed: 257768479758803278

585 LustLizard the Slasher (level 7, 0/55 HPs)
             Began as a Human Fighter on Oct 21, 2022.
             Slain by a kobold brigand
             ... wielding a +0 dagger
              (1 damage)
             ... in a sewer.
             The game lasted 00:06:01 (4119 turns).

LustLizard the Slasher (Human Fighter)              Turns: 4119, Time: 00:06:02

Health: 0/55       AC: 10    Str: 17    XL:     7   Next: 64%
Magic:  7/7        EV:  6    Int:  8    God:
Gold:   137        SH:  5    Dex: 14    Spells: 6/6 levels left

rFire   . . .      SeeInvis .   a - +0 long sword
rCold   . . .      Faith    .   c - +0 buckler
rNeg    . . .      Spirit   .   m - +0 chain mail
rPois   .          Reflect  .   (no helmet)
rElec   .          Harm     .   (no cloak)
rCorr   .          Rampage  .   (no gloves)
Will    .....                   p - +0 pair of boots
Stlth   ..........              (no amulet)
HPRegen 0.18/turn               (no ring)
MPRegen 0.10/turn               (no ring)

@: mighty, slowed, very slow
A: no striking features
a: no special abilities


You were in a sewer.
You visited 1 branch of the dungeon, and saw 4 of its levels.
You also visited: Sewer.

You collected 137 gold pieces.

Inventory:

Hand Weapons
 a - a +0 long sword (weapon)
Missiles
 i - 26 stones (quivered)
 l - 14 poisoned darts
Armour
 b - a +0 scale mail
 c - a +0 buckler (worn)
 m - a +0 chain mail (worn)
 p - a +0 pair of boots (worn)
Scrolls
 e - 3 scrolls of teleportation {unknown}
 f - 3 scrolls of identify
 j - a scroll of enchant armour {unknown}
 k - a scroll of fear {unknown}
 n - a scroll of enchant weapon {unknown}
Potions
 g - a potion of cancellation
 o - 2 potions of lignification


   Skills:
 + Level 4.7 Fighting
 * Level 5.5 Long Blades
 - Level 4.0 Throwing
 - Level 3.0 Armour
 - Level 3.0 Shields


You had 6 spell levels left.
You didn't know any spells.
Your spell library was empty.

Dungeon Overview and Level Annotations

Branches:
Dungeon (4/15)              Sewer (1/1)
 Temple: D:4-7

Altars:
Trog
Uskayaw
Zin

Shops:
D:3 :(((=


Message History

The kobold brigand is almost dead.
The kobold brigand closely misses you. You block the kobold's attack.
The kobold brigand hits you but does no damage.
The kobold barely misses you. The kobold hits you but does no damage.
The kobold brigand hits you with a +0 dagger.
* * * LOW HITPOINT WARNING * * *
The kobold brigand barely misses you.
The kobold splashes around in the water.
You slash the kobold brigand!
You kill the kobold brigand!
The kobold barely misses you.
The kobold brigand hits you with a +0 dagger.
* * * LOW HITPOINT WARNING * * *
The kobold splashes around in the water.
The kobold hits you but does no damage. You block the kobold brigand's attack.
You slash the kobold brigand!
The kobold brigand is heavily wounded.
The kobold hits you but does no damage. The kobold barely misses you.
The kobold brigand hits you with a +0 dagger.
* * * LOW HITPOINT WARNING * * *
The kobold hits you but does no damage.
You barely miss the kobold brigand.
The kobold brigand is heavily wounded.
The kobold hits you with a +0 whip.
* * * LOW HITPOINT WARNING * * *
The kobold brigand hits you but does no damage.
The kobold splashes around in the water.
The kobold brigand hits you but does no damage.
The kobold hits you with a +0 whip.
* * * LOW HITPOINT WARNING * * *
You hit the kobold brigand.
The kobold brigand is severely wounded.
You block the kobold's attack.
The kobold brigand hits you with a +0 dagger.
* * * LOW HITPOINT WARNING * * *
The kobold hits you with a +0 whip.
* * * LOW HITPOINT WARNING * * *
The kobold barely misses you.
The kobold brigand hits you with a +0 dagger.
You die...

##~ ~~~~ ≈≈≈≈ ≈≈ ~~~
~~~
~#######~##############
~~~..~~~~~~~P.~~~#.!..#
P~...~~~~~~....~K'..∩.#
~.......~~P...~KKK!..[#
...............K@#....#
..P.............## ####
................#
..............###
..........#####
#..####.### #### ###


You could see a kobold brigand and 4 kobolds.

Vanquished Creatures
  2 phantoms
  2 kobold brigands (Sewer)
  A bullfrog (D:3)
  A hound (D:4)
  An iguana (D:4)
  An orc wizard (D:3)
  Terence (D:2)
  4 adders
  3 worms
  2 dart slugs
  3 orcs (D:3)
  5 endoplasms
  6 giant cockroaches
  5 goblins
  4 hobgoblins
  5 jackals (D:1)
  7 quokkas
  6 ball pythons
  5 bats
  3 frilled lizards
  11 kobolds
  3 rats
81 creatures vanquished.

Vanquished Creatures (others)
  A plant (Sewer)
1 creature vanquished.

Grand Total: 82 creatures vanquished

Notes
Turn   | Place    | Note
-------+----------+-------------------------------------------
     0 | D:1      | LustLizard the Human Fighter began the quest for the Orb.
     0 | D:1      | Reached XP level 1. HP: 18/18 MP: 1/1
    99 | D:1      | Reached XP level 2. HP: 20/24 MP: 2/2
   446 | D:1      | Found a faded altar of an unknown god.
   651 | D:1      | Reached XP level 3. HP: 29/29 MP: 3/3
   672 | D:1      | Reached skill level 3 in Long Blades
  1441 | D:2      | Noticed Terence
  1451 | D:2      | Killed Terence
  1452 | D:2      | Reached skill level 1 in Throwing
  1452 | D:2      | Reached XP level 4. HP: 32/35 MP: 4/4
  2087 | D:2      | Found a hide-covered altar of Uskayaw.
  2179 | D:3      | Found Coatrad's Jewellery Emporium.
  2304 | D:3      | Reached XP level 5. HP: 34/42 MP: 5/5
  2425 | D:3      | Found Rityq's Weapon Emporium.
  2721 | D:3      | Found Heykumog's Weapon Boutique.
  2725 | D:3      | Found Tiadushi's Antique Weapon Boutique.
  2725 | D:3      | Noticed a bullfrog
  2739 | D:3      | Killed a bullfrog
  2740 | D:3      | Reached skill level 4 in Long Blades
  2740 | D:3      | Reached XP level 6. HP: 42/48 MP: 6/6
  3155 | D:3      | Found Boetz's Book Emporium.
  3213 | D:3      | Found a bloodstained altar of Trog.
  3213 | D:3      | Found a glowing silver altar of Zin.
  3715 | D:4      | Reached XP level 7. HP: 35/54 MP: 7/7
  3775 | D:4      | Found a glowing drain.
  3903 | D:4      | Reached skill level 5 in Long Blades
  3921 | Sewer    | Entered a sewer
  4119 | Sewer    | HP: 2/55 [kobold brigand/+0 dagger (3)]
  4119 | Sewer    | Slain by a kobold brigand

Illustrated notes

Levels and vault maps discovered:
D:1:      tarquinn_simple_flora_water_c, layout_basic, serial_curves,
          eino_curves_01, eino_curves_04,
          dreamdust_ecumenical_altar_angels_and_demons,
          amcnicky_mini_corridor_feature, grunt_decor_junction,
          minmay_indecisive_spiral
D:2:      layout_loops_cross, basic_altar, minivault_26, uniq_terence
D:3:      layout_basic, gammafunk_temple_overflow_elements, serial_shops, shop,
          shop, shop, nicolae_shop_bloodbath_and_beyond, shop,
          minmay_misc_feat_plants
D:4:      minmay_opposing_rooms, layout_rooms, gup_sewer_entry_glass,
          uniq_crazy_yiuf_cottage
Sewer:    kennysheep_pipe_town

Skill      XL: |  1  2  3  4  5  6  7 |
---------------+----------------------+-----
Long Blades    | 3 4 5 |  5.5
Throwing       | 1 2 3 4 |  4.0
Fighting       | 4 |  4.7
Armour         | |  3.0
Shields        | |  3.0

Action                   |  1- 3 |  4- 6 |  7- 9 || total
-------------------------+-------+-------+-------++-------
Melee: Long sword        |    77 |   145 |    79 ||   301
Throw: Dart              |       |     6 |       ||     6
       Stone             |       |     9 |       ||     9
  Use: Scroll            |     2 |     2 |       ||     4
       Potion            |     1 |       |     3 ||     4
Armor: Scale mail        |    39 |       |       ||    39
       Chain mail        |       |    75 |    59 ||   134
Dodge: Dodged            |    44 |    32 |    35 ||   111
Block: Buckler           |    18 |    35 |    27 ||    80
